 Dungeon Crawl Stone Soup version 0.19.1 (webtiles) character file.

180 MrBudgens the Chiller (level 5, -12/32 HPs)
             Began as a Merfolk Ice Elementalist on Nov 6, 2016.
             Was an Initiate of Nemelex Xobeh.
             Mangled by an ogre
             ... wielding a +0 giant club
              (25 damage)
             ... on level 4 of the Dungeon on Dec 3, 2016.
             The game lasted 00:20:12 (2686 turns).

MrBudgens the Chiller (Merfolk Ice Elementalist)    Turns: 2686, Time: 00:20:12

Health: -12/32     AC:  3    Str:  8    XL:     5   Next: 60%
Magic:  9/9        EV: 14    Int: 16    God:    Nemelex Xobeh [......]
Gold:   119        SH:  0    Dex: 14    Spells: 2 memorised, 6 levels left

rFire  . . .     SeeInvis .     i - +2 falchion (holy)
rCold  . . .     Gourm    .     d - +0 robe {rN+}
rNeg   + . .     Faith    .     (no shield)
rPois  .         Spirit   .     (no helmet)
rElec  .         Reflect  .     k - +0 cloak
rCorr  .         Harm     .     (no gloves)
MR     .....     Rnd*Tele +     (no boots)
Stlth  ++........               (no amulet)
                                (no ring)
                                j - ring of teleportation (curse)

@: no status effects
A: change form in water, swift swim, stealthy swim, blink, frail 1, wild magic 1
a: Blink, Renounce Religion


You were on level 4 of the Dungeon.
You worshipped Nemelex Xobeh.
Nemelex Xobeh was noncommittal.
You were not hungry.

You visited 1 branch of the dungeon, and saw 4 of its levels.

You collected 119 gold pieces.

Inventory:

Hand Weapons
 h - a +0 dagger
 i - a +2 falchion of holy wrath (weapon)
Missiles
 n - a throwing net
 r - 2 javelins
Armour
 a - a +0 robe
 d - a +0 robe of positive energy (worn)
 k - a +0 cloak (worn)
Jewellery
 j - a cursed ring of teleportation (left hand)
Wands
 m - a wand of slowing (13/48)
Scrolls
 e - a scroll of fear
 l - a scroll of noise {unknown}
 q - a scroll of identify (quivered)
 s - 2 scrolls of teleportation
 u - a scroll of remove curse {unknown}
Potions
 p - a potion of haste
Books
 b - a book of Frost

   Spells                             Type                      Level
   a - Freeze                         Ice                          1
   b - Throw Frost                    Conjuration/Ice              2
   c - Ozocubu's Armour               Charms/Ice                   3
   d - Throw Icicle                   Conjuration/Ice              4
   e - Summon Ice Beast               Ice/Summoning                4
Miscellaneous
 o - a plain deck of escape {drawn: 1}
Comestibles
 c - a bread ration
 f - a slice of pizza
 g - 3 meat rations
 t - a chunk of flesh


   Skills:
 + Level 0.7 Fighting
 + Level 1.6 Short Blades
 + Level 0.2(1.0) Long Blades
 + Level 4.2 Dodging
 + Level 2.5 Stealth
 + Level 0.2 Unarmed Combat
 + Level 3.0 Spellcasting
   Level 0.7 Conjurations
 + Level 4.6 Ice Magic


You had 6 spell levels left.
You knew the following spells:

 Your Spells              Type           Power        Failure   Level  Hunger
a - Freeze                Ice            ###.         6%          1    #......
b - Ozocubu's Armour      Chrm/Ice       ##......     28%         3    ###....


Dungeon Overview and Level Annotations

Branches:
Dungeon (4/15)
 Temple: D:4-7

Altars:
Gozag
Nemelex Xobeh
Xom
Zin


Innate Abilities, Weirdness & Mutations

You revert to your normal form in water.
You are very nimble and swift while swimming.
You are very stealthy in the water. (Stealth+)
You can translocate small distances at will.
You are frail. (-10% HP)
Your spells are a little harder to cast, but a little more powerful.


Message History

You feel sick.
You are no longer poisoned.
You open the door.
There is an open door here.
You open the door.
Unknown command.
There is an open door here.
You open the door.
Found a scroll labeled WEREUJUYWOT.
There is an open door here.
Found 11 gold pieces.
u - a scroll labeled WEREUJUYWOT A scorpion and an ogre come into view.
The ogre shouts!
You see here 11 gold pieces.
You now have 119 gold pieces (gained 11).
You barely miss the ogre. The ogre hits you with a giant club!!
Ouch! That really hurt!
You die...
Your body disappears without a glow.

...##+###
..........#..
......... #....#
..........#..
.<....... #....#
..........#..
<........ #....#
.........###
......... #....#
........#..
...##>..#
#....#######.....#..
....# ###
#..........'.....'..
#+#.#
#..........#.....#..
.#
#..@.......#.....#..
.#
#..O.......#.....###
#....###+###.....#
#s...# .......#
#....+ ........+
#....# .........#
#....# .........#
##...#


You could see an ogre and a scorpion (wandering).

Vanquished Creatures
  The ghost of simples the Covered, a weakling MiFi (D:3)
  3 gnolls (D:4)
  3 adders
  A worm (D:2)
  A dart slug (D:2)
  3 leopard geckos
  5 orcs (D:3)
  7 giant cockroaches
  6 goblins
  3 hobgoblins (D:2)
  7 jackals
  7 kobolds
  2 quokkas
  4 bats
  2 frilled lizards (D:2)
  6 rats
61 creatures vanquished.

Notes
Turn   | Place    | Note
-------+----------+-------------------------------------------
     0 | D:1      | MrBudgens the Merfolk Ice Elementalist began the quest for the Orb.
     0 | D:1      | Reached XP level 1. HP: 13/13 MP: 3/3
     0 | D:1      | Upgraded the game from 0.19.0-2-gae57169 to 0.19.1
   322 | D:1      | Reached XP level 2. HP: 19/19 MP: 3/5
  1051 | D:1      | Reached XP level 3. HP: 24/24 MP: 3/6
  1056 | D:1      | Learned a level 3 spell: Ozocubu's Armour
  1591 | D:2      | Reached XP level 4. HP: 19/30 MP: 3/7
  1735 | D:2      | Found a shimmering altar of Xom.
  1739 | D:2      | Noticed an angel
  1747 | D:2      | Found a glowing silver altar of Zin.
  1972 | D:3      | Found a sparkling altar of Nemelex Xobeh.
  1974 | D:3      | Found an opulent altar of Gozag.
  1991 | D:3      | Noticed simples's ghost (weakling MiFi)
  2014 | D:3      | Gained mutation: You can translocate small distances at will. [potion of mutation]
  2014 | D:3      | Gained mutation: You are frail. (-10% HP) [potion of mutation]
  2014 | D:3      | Gained mutation: Your spells are a little harder to cast, but a little more powerful. [potion of mutation]
  2035 | D:3      | Killed simples's ghost
  2035 | D:3      | Reached XP level 5. HP: 11/31 MP: 0/9
  2063 | D:3      | Reached skill level 1 in Short Blades
  2111 | D:3      | Became a worshipper of Nemelex Xobeh the Trickster
  2239 | D:4      | Received a gift from Nemelex Xobeh
  2682 | D:4      | Noticed an ogre
  2686 | D:4      | Mangled by an ogre

Skill      XL: |  1  2  3  4  5 |
---------------+----------------+-----
Ice Magic      | 4 |  4.6
Dodging        | 3 4 |  4.2
Short Blades   | 1 |  1.6
Spellcasting   | 3 |  3.0
Fighting       | |  0.7
Long Blades    | |  0.2
Stealth        | |  2.5
Unarmed Combat | |  0.2
Conjurations   | |  0.7

Action                   |  1- 3 |  4- 6 || total
-------------------------+-------+-------++-------
Melee: Unarmed           |     4 |       ||     4
       Dagger            |    53 |    89 ||   142
       Falchion          |       |    29 ||    29
Throw: Throwing net      |       |     1 ||     1
 Cast: Freeze            |    56 |    18 ||    74
       Ozocubu's Armour  |     1 |     1 ||     2
Evoke: Deck              |       |     1 ||     1
  Use: Scroll            |     5 |       ||     5
       Potion            |       |     5 ||     5
 Stab: Held in net/web   |       |     1 ||     1
  Eat: Chunk             |     3 |     4 ||     7
Armor: Robe              |    22 |    14 ||    36
       Skin              |       |    57 ||    57
Dodge: Dodged            |    80 |    78 ||   158
       Rpst.: Falchion   |       |     8 ||     8
